[Event "23rd ETCC Open 2021"]
[Site "Catez"]
[Date "2021.11.15"]
[Round "4.43"]
[White "Valsecchi, Alessio"]
[Black "Hauge, Lars Oskar"]
[Result "1/2-1/2"]
[ECO "C55"]
[WhiteElo "2527"]
[BlackElo "2490"]
[Annotator "ChessBase"]
[PlyCount "108"]
[EventDate "2021.11.08"]
[EventType "team-tourn"]
[EventCountry "SLO"]
[SourceTitle "playchess.com"]
[Source "ChessBase"]
[SourceQuality "1"]
[WhiteTeam "Italy"]
[BlackTeam "Norway"]
[WhiteTeamCountry "ITA"]
[BlackTeamCountry "NOR"]
[TimeControl "40/5400+30:1800+30"]

1. e4 e5 2. Nf3 Nc6 3. Bc4 Nf6 4. d3 h6 5. c3 d6 6. Nbd2 g6 7. a4 a5 8. Qb3 Qe7
9. Nf1 Bg7 10. Ne3 O-O 11. h4 h5 12. Ng5 Nd8 13. d4 exd4 14. cxd4 Nc6 15. Qd1
Nb4 16. f3 d5 17. Bb3 dxe4 18. O-O exf3 19. Qxf3 c6 20. Bd2 Nbd5 21. Rae1 Qd8
22. Nxd5 Nxd5 23. Kh1 Bf5 24. Qg3 Qd7 25. Nf3 Qc7 26. Qxc7 Nxc7 27. Re7 Nd5 28.
Bxd5 cxd5 29. Rxb7 Rfc8 30. Bc3 Rc4 31. Ra1 Bc2 32. Rb5 Bxa4 33. Rxa5 Rxa5 34.
Bxa5 Bxd4 35. Nxd4 Rxd4 36. Be1 f6 37. Kg1 Kf7 38. b4 Bb5 39. Ra7+ Ke6 40. Rb7
Rd1 41. Kf2 Bc4 42. Rc7 Rc1 43. b5 Rc2+ 44. Kg1 Rc1 45. Kf2 Rb1 46. Rc6+ Ke5
47. Bc3+ Ke4 48. b6 Ba6 49. Re6+ Kd3 50. Bxf6 d4 51. Rd6 Rb4 52. Kf3 Bb7+ 53.
Kf4 Bxg2 54. Be5 Bb7 1/2-1/2

[Event "23rd ETCC Open 2021"]
[Site "Catez"]
[Date "2021.11.15"]
[Round "4.44"]
[White "Notkevich, Benjamin Arvola"]
[Black "Sonis, Francesco"]
[Result "0-1"]
[ECO "C78"]
[WhiteElo "2471"]
[BlackElo "2536"]
[Annotator "ChessBase"]
[PlyCount "106"]
[EventDate "2021.11.08"]
[EventType "team-tourn"]
[EventCountry "SLO"]
[SourceTitle "playchess.com"]
[Source "ChessBase"]
[SourceQuality "1"]
[WhiteTeam "Norway"]
[BlackTeam "Italy"]
[WhiteTeamCountry "NOR"]
[BlackTeamCountry "ITA"]
[TimeControl "40/5400+30:1800+30"]

1. e4 e5 2. Nf3 Nc6 3. Bb5 a6 4. Ba4 Nf6 5. O-O b5 6. Bb3 Bb7 7. d3 Bc5 8. Nc3
O-O 9. Bg5 h6 10. Bh4 Be7 11. a3 d6 12. Re1 Nd7 13. Bg3 Bf6 14. Nd5 Ne7 15.
Nxf6+ Nxf6 16. h3 Ng6 17. c3 c5 18. Nh2 d5 19. exd5 Nxd5 20. Ng4 Ndf4 21. Nxe5
Nxe5 22. Rxe5 Nxd3 23. Rh5 Re8 24. Qd2 c4 25. Ba2 Qf6 26. Rh4 Rad8 27. Kh2 g5
28. Rg4 Bc8 29. Rd4 Rxd4 30. cxd4 Qxd4 31. Rb1 Bf5 32. Qa5 Re6 33. Rd1 Qxb2 34.
Bxc4 bxc4 35. Qxf5 Qb5 36. Qf3 f5 37. a4 Qc5 38. Bb8 Rb6 39. Qa8 Qc6 40. Qxc6
Rxc6 41. Ba7 Kf7 42. Bd4 Ke6 43. a5 Rd6 44. Bg7 Nxf2 45. Rc1 Kf7 46. Bh8 Rd8
47. Rxc4 Rxh8 48. Rc7+ Ke6 49. Rc6+ Kd5 50. Rxa6 Ne4 51. Ra7 Rc8 52. a6 Rc1 53.
Rd7+ Ke5 0-1

[Event "23rd ETCC Open 2021"]
[Site "Catez"]
[Date "2021.11.15"]
[Round "4.47"]
[White "Jones, Gawain C B"]
[Black "Ashiku, Franc"]
[Result "1/2-1/2"]
[ECO "B30"]
[WhiteElo "2654"]
[BlackElo "2419"]
[Annotator "ChessBase"]
[PlyCount "75"]
[EventDate "2021.11.08"]
[EventType "team-tourn"]
[EventCountry "SLO"]
[SourceTitle "playchess.com"]
[Source "ChessBase"]
[SourceQuality "1"]
[WhiteTeam "England"]
[BlackTeam "Albania"]
[WhiteTeamCountry "ENG"]
[BlackTeamCountry "ALB"]
[TimeControl "40/5400+30:1800+30"]

1. e4 c5 2. Nf3 Nc6 3. Bb5 Nf6 4. Nc3 g6 5. O-O Bg7 6. e5 Ng4 7. Re1 O-O 8.
Bxc6 dxc6 9. h3 Nh6 10. d3 Nf5 11. Ne4 b6 12. c3 Ba6 13. e6 h6 14. Bf4 Qxd3 15.
Ne5 Bxe5 16. exf7+ Kxf7 17. Bxe5 Qxd1 18. Raxd1 Rad8 19. Nd2 Rd7 20. g4 Nh4 21.
Bg3 Rfd8 22. Bxh4 g5 23. Bg3 Rxd2 24. Rxd2 Rxd2 25. Bb8 Rxb2 26. Bxa7 Bc4 27.
a4 Bd5 28. Ra1 c4 29. Kf1 e6 30. Bb8 Bf3 31. Be5 Kg6 32. Kg1 Be4 33. a5 bxa5
34. f3 Bxf3 35. Rxa5 Rb5 36. Bc7 Rxa5 37. Bxa5 h5 38. gxh5+ 1/2-1/2

[Event "23rd ETCC Open 2021"]
[Site "Catez"]
[Date "2021.11.15"]
[Round "4.49"]
[White "Andersen, Mads"]
[Black "Hillarp Persson, Tiger"]
[Result "1/2-1/2"]
[ECO "E05"]
[WhiteElo "2575"]
[BlackElo "2528"]
[Annotator "ChessBase"]
[PlyCount "61"]
[EventDate "2021.11.08"]
[EventType "team-tourn"]
[EventCountry "SLO"]
[SourceTitle "playchess.com"]
[Source "ChessBase"]
[SourceQuality "1"]
[WhiteTeam "Denmark"]
[BlackTeam "Sweden"]
[WhiteTeamCountry "DEN"]
[BlackTeamCountry "SWE"]
[TimeControl "40/5400+30:1800+30"]

1. d4 Nf6 2. c4 e6 3. Nf3 d5 4. g3 Be7 5. Bg2 O-O 6. O-O dxc4 7. Qc2 b6 8. Bg5
Nd5 9. Bxe7 Qxe7 10. Nbd2 Ba6 11. Nxc4 c5 12. Nce5 f6 13. Nd3 Nd7 14. Qd2 Rad8
15. Rfd1 Bb7 16. Rac1 cxd4 17. Nxd4 Nc5 18. Nxc5 bxc5 19. Nb3 Nb6 20. Qe3 Rxd1+
21. Rxd1 Bxg2 22. Kxg2 Rc8 23. Qe4 e5 24. Na5 c4 25. g4 g6 26. Nc6 Qc5 27. Nd8
Qc7 28. Ne6 Qf7 29. Nd8 Qc7 30. Ne6 Qf7 31. Nd8 1/2-1/2

[Event "23rd ETCC Open 2021"]
[Site "Catez"]
[Date "2021.11.15"]
[Round "4.50"]
[White "Blomqvist, Erik"]
[Black "Thybo, Jesper Sondergaard"]
[Result "1/2-1/2"]
[ECO "C65"]
[WhiteElo "2542"]
[BlackElo "2604"]
[Annotator "ChessBase"]
[PlyCount "123"]
[EventDate "2021.11.08"]
[EventType "team-tourn"]
[EventCountry "SLO"]
[SourceTitle "playchess.com"]
[Source "ChessBase"]
[SourceQuality "1"]
[WhiteTeam "Sweden"]
[BlackTeam "Denmark"]
[WhiteTeamCountry "SWE"]
[BlackTeamCountry "DEN"]
[TimeControl "40/5400+30:1800+30"]

1. e4 e5 2. Nf3 Nc6 3. Bb5 Nf6 4. d3 Bc5 5. c3 O-O 6. O-O d5 7. exd5 Qxd5 8.
Bc4 Qd8 9. Nbd2 Bf5 10. b4 Be7 11. Qc2 a6 12. a4 Nd5 13. Ne4 Bg4 14. Ne1 Qd7
15. Ng3 Nf4 16. h3 Be6 17. Bxe6 Nxe6 18. Nf3 Rfd8 19. Rd1 Bd6 20. Bb2 b6 21.
Qe2 f6 22. Re1 Kh8 23. Qe4 Re8 24. h4 Rad8 25. Rad1 Bf8 26. Qc4 Nf4 27. Bc1 Qd5
28. Qxd5 Nxd5 29. Bd2 b5 30. axb5 axb5 31. Kf1 Re7 32. c4 bxc4 33. dxc4 Ndxb4
34. Bxb4 Rxd1 35. Rxd1 Nxb4 36. Rd8 Kg8 37. Nf5 Re6 38. h5 Nc6 39. Rd7 Ne7 40.
N3h4 Nxf5 41. Nxf5 g6 42. hxg6 hxg6 43. Nh4 Rc6 44. Nxg6 Bd6 45. Nh4 Kf8 46.
Nf5 Ke8 47. Rh7 Rxc4 48. Ke2 Rc2+ 49. Kf3 Bc5 50. Rxc7 Kd8 51. Rf7 Rxf2+ 52.
Ke4 Rf4+ 53. Kd5 Rxf5 54. Kxc5 Ke8 55. Ra7 Kf8 56. Kd5 Rf2 57. g4 Kg8 58. g5
fxg5 59. Kxe5 Rf7 60. Rxf7 Kxf7 61. Kf5 Ke8 62. Kxg5 1/2-1/2

[Event "23rd ETCC Open 2021"]
[Site "Catez"]
[Date "2021.11.15"]
[Round "4.51"]
[White "Bjerre, Jonas Buhl"]
[Black "Johansson, Linus"]
[Result "1-0"]
[ECO "C07"]
[WhiteElo "2569"]
[BlackElo "2479"]
[Annotator "ChessBase"]
[PlyCount "107"]
[EventDate "2021.11.08"]
[EventType "team-tourn"]
[EventCountry "SLO"]
[SourceTitle "playchess.com"]
[Source "ChessBase"]
[SourceQuality "1"]
[WhiteTeam "Denmark"]
[BlackTeam "Sweden"]
[WhiteTeamCountry "DEN"]
[BlackTeamCountry "SWE"]
[TimeControl "40/5400+30:1800+30"]

1. e4 e6 2. d4 d5 3. Nd2 c5 4. Ngf3 cxd4 5. Nxd4 Nc6 6. Bb5 Bd7 7. Nxc6 bxc6 8.
Bd3 Bd6 9. Qe2 e5 10. O-O Qe7 11. exd5 cxd5 12. c4 e4 13. Re1 Kf8 14. Bc2 Rc8
15. Bb3 Qe5 16. g3 Nf6 17. cxd5 Bg4 18. Qa6 Bb4 19. Qb7 a5 20. d6 Bd7 21. Rxe4
Nxe4 22. Nxe4 Qe8 23. Bd5 Rb8 24. Qa7 Rb5 25. Bh6 Rxd5 26. Nf6 gxh6 27. Nxe8
Bxe8 28. Qe7+ Kg7 29. Qe4 Bc6 30. Qg4+ Kf6 31. Rc1 Ba8 32. d7 Ke7 33. Rc8 Re5
34. Re8+ Rxe8 35. dxe8=Q+ Kxe8 36. Qc8+ Ke7 37. Qxa8 Bd6 38. Kf1 h5 39. Qh8 h4
40. Qxh7 hxg3 41. hxg3 Rb5 42. Qe4+ Re5 43. Qb7+ Ke6 44. a3 Rd5 45. Qc6 Rc5 46.
Qe4+ Kd7 47. b4 axb4 48. axb4 Re5 49. Qb7+ Bc7 50. b5 Re6 51. f4 Rd6 52. Ke2 f5
53. Kf3 Rf6 54. b6 1-0

[Event "23rd ETCC Open 2021"]
[Site "Catez"]
[Date "2021.11.15"]
[Round "4.54"]
[White "Pavlidis, Antonios"]
[Black "Draskovic, Luka"]
[Result "1/2-1/2"]
[ECO "C41"]
[WhiteElo "2536"]
[BlackElo "2469"]
[Annotator "ChessBase"]
[PlyCount "87"]
[EventDate "2021.11.08"]
[EventType "team-tourn"]
[EventCountry "SLO"]
[SourceTitle "playchess.com"]
[Source "ChessBase"]
[SourceQuality "1"]
[WhiteTeam "Greece"]
[BlackTeam "Montenegro"]
[WhiteTeamCountry "GRE"]
[BlackTeamCountry "MNE"]
[TimeControl "40/5400+30:1800+30"]

1. e4 d6 2. d4 Nf6 3. Nc3 e5 4. Nf3 Nbd7 5. g4 h6 6. Rg1 c6 7. a4 Be7 8. Be3
Qa5 9. Qd2 exd4 10. Nxd4 Ne5 11. f4 Nexg4 12. O-O-O Nxe3 13. Qxe3 g5 14. Nf3
gxf4 15. Qxf4 Be6 16. Nd4 Qe5 17. Qxe5 dxe5 18. Nxe6 fxe6 19. Bc4 Kf7 20. Rgf1
Rad8 21. Rf3 Rxd1+ 22. Kxd1 Rg8 23. Ne2 Rg2 24. h3 Bc5 25. c3 a5 26. b3 Ke7 27.
Bd3 h5 28. Rg3 Rxg3 29. Nxg3 h4 30. Nf1 Nh7 31. Nd2 Kf6 32. Bf1 Kg5 33. Nc4 b6
34. Nxe5 Nf6 35. Nf3+ Kf4 36. Nxh4 Nxe4 37. Kc2 Kg5 38. Nf3+ Kf4 39. Nd2 Nxd2
40. Kxd2 Bf2 41. Bg2 c5 42. Bc6 e5 43. Kd3 Be1 44. c4 1/2-1/2

[Event "23rd ETCC Open 2021"]
[Site "Catez"]
[Date "2021.11.15"]
[Round "4.55"]
[White "Blagojevic, Dragisa"]
[Black "Kourkoulos-Arditis, Stamatis"]
[Result "1/2-1/2"]
[ECO "E68"]
[WhiteElo "2467"]
[BlackElo "2524"]
[Annotator "ChessBase"]
[PlyCount "72"]
[EventDate "2021.11.08"]
[EventType "team-tourn"]
[EventCountry "SLO"]
[SourceTitle "playchess.com"]
[Source "ChessBase"]
[SourceQuality "1"]
[WhiteTeam "Montenegro"]
[BlackTeam "Greece"]
[WhiteTeamCountry "MNE"]
[BlackTeamCountry "GRE"]
[TimeControl "40/5400+30:1800+30"]

1. d4 Nf6 2. c4 g6 3. Nf3 Bg7 4. g3 O-O 5. Bg2 d6 6. Nc3 Nbd7 7. O-O e5 8. e4
exd4 9. Nxd4 Re8 10. h3 Nc5 11. Re1 Bd7 12. Bf4 h6 13. Kh2 a5 14. Qc2 Nfxe4 15.
Nxe4 Bxd4 16. Qd2 Bg7 17. Bxh6 Bxh6 18. Qxh6 Nxe4 19. Bxe4 Qf6 20. Qd2 Re5 21.
Bg2 Rae8 22. Rxe5 Qxe5 23. Rc1 b6 24. Rc3 Qe2 25. Rc2 Qxd2 26. Rxd2 Re1 27. g4
Kg7 28. Kg3 g5 29. f4 Re3+ 30. Kf2 gxf4 31. Rd4 Be6 32. Rxf4 Re5 33. Bf1 d5 34.
a3 c5 35. cxd5 Rxd5 36. Ke1 Rd6 1/2-1/2

[Event "23rd ETCC Open 2021"]
[Site "Catez"]
[Date "2021.11.15"]
[Round "4.56"]
[White "Kelires, Andreas"]
[Black "Potpara, Nikola"]
[Result "1-0"]
[ECO "E15"]
[WhiteElo "2535"]
[BlackElo "2374"]
[Annotator "ChessBase"]
[PlyCount "93"]
[EventDate "2021.11.08"]
[EventType "team-tourn"]
[EventCountry "SLO"]
[SourceTitle "playchess.com"]
[Source "ChessBase"]
[SourceQuality "1"]
[WhiteTeam "Greece"]
[BlackTeam "Montenegro"]
[WhiteTeamCountry "GRE"]
[BlackTeamCountry "MNE"]
[TimeControl "40/5400+30:1800+30"]

1. d4 Nf6 2. c4 e6 3. g3 d5 4. Bg2 Bb4+ 5. Nd2 O-O 6. Ngf3 b6 7. O-O Bb7 8. Ne5
Be7 9. b3 a5 10. Bb2 c5 11. dxc5 bxc5 12. Re1 Nbd7 13. Nxd7 Qxd7 14. cxd5 exd5
15. e4 d4 16. a4 Rfe8 17. Nc4 Ra6 18. Qd3 Bf8 19. f3 Qd8 20. Bc1 Nd5 21. Bd2
Nb4 22. Bxb4 cxb4 23. f4 Qa8 24. Ra2 Bc5 25. e5 Bxg2 26. Rxg2 g6 27. Rc2 Rc6
28. Kg2 Rcc8+ 29. Qf3 Qa6 30. Rd2 Red8 31. Re4 Ra8 32. f5 gxf5 33. Qxf5 Qe6 34.
Rg4+ Kh8 35. Qxe6 fxe6 36. Rf4 Rd5 37. Rd3 Kg7 38. Kf3 Ba7 39. Ke4 Rf8 40. Rdf3
Rxf4+ 41. gxf4 Rd7 42. Nxa5 Bb6 43. Nc4 Ba7 44. Nd6 Rd8 45. Rg3+ Kf8 46. Nb5
Bb6 47. Rd3 1-0

[Event "23rd ETCC Open 2021"]
[Site "Catez"]
[Date "2021.11.15"]
[Round "4.57"]
[White "Laurusas, Tomas"]
[Black "Bogner, Sebastian"]
[Result "1/2-1/2"]
[ECO "D41"]
[WhiteElo "2553"]
[BlackElo "2574"]
[Annotator "ChessBase"]
[PlyCount "109"]
[EventDate "2021.11.08"]
[EventType "team-tourn"]
[EventCountry "SLO"]
[SourceTitle "playchess.com"]
[Source "ChessBase"]
[SourceQuality "1"]
[WhiteTeam "Lithuania"]
[BlackTeam "Switzerland"]
[WhiteTeamCountry "LTU"]
[BlackTeamCountry "SUI"]
[TimeControl "40/5400+30:1800+30"]

1. d4 Nf6 2. c4 e6 3. Nf3 d5 4. Nc3 c5 5. cxd5 cxd4 6. Qa4+ Bd7 7. Qxd4 exd5 8.
Bg5 Nc6 9. Bxf6 Nxd4 10. Bxd8 Nxf3+ 11. gxf3 Rxd8 12. O-O-O Bc6 13. e3 d4 14.
exd4 Bb4 15. Bb5 Bxb5 16. Nxb5 Rc8+ 17. Kb1 a6 18. Nc3 Bxc3 19. Rc1 Kd7 20.
bxc3 Rhe8 21. Rhg1 g6 22. Rg4 Re2 23. Rc2 Rce8 24. Rf4 f5 25. Rh4 h5 26. a4 b5
27. axb5 axb5 28. d5 Rxc2 29. Kxc2 Re2+ 30. Kd3 Rxf2 31. Ke3 Rc2 32. Kd3 Rb2
33. Rh3 Rg2 34. Rh4 Rb2 35. Rh3 Kd6 36. Rg3 Rxh2 37. Rxg6+ Kxd5 38. Rb6 Ke5 39.
Ke3 Rb2 40. Rh6 Rb3 41. f4+ Kd5 42. Rxh5 b4 43. Rxf5+ Kc4 44. Rf8 Rxc3+ 45. Ke4
b3 46. Rb8 Rc2 47. f5 Re2+ 48. Kf4 b2 49. f6 Kc3 50. Kf5 Kc2 51. f7 b1=Q 52.
Rxb1 Kxb1 53. Kg6 Rf2 54. Kg7 Rxf7+ 55. Kxf7 1/2-1/2

[Event "23rd ETCC Open 2021"]
[Site "Catez"]
[Date "2021.11.15"]
[Round "4.58"]
[White "Pelletier, Yannick"]
[Black "Kazakouski, Valery"]
[Result "0-1"]
[ECO "E04"]
[WhiteElo "2564"]
[BlackElo "2490"]
[Annotator "ChessBase"]
[PlyCount "88"]
[EventDate "2021.11.08"]
[EventType "team-tourn"]
[EventCountry "SLO"]
[SourceTitle "playchess.com"]
[Source "ChessBase"]
[SourceQuality "1"]
[WhiteTeam "Switzerland"]
[BlackTeam "Lithuania"]
[WhiteTeamCountry "SUI"]
[BlackTeamCountry "LTU"]
[TimeControl "40/5400+30:1800+30"]

1. Nf3 Nf6 2. c4 e6 3. g3 d5 4. d4 dxc4 5. Bg2 Bd7 6. O-O Bc6 7. Qc2 b5 8. Nc3
Be7 9. Rd1 b4 10. Na4 Qd5 11. Nc5 Bxc5 12. dxc5 Qe4 13. Qd2 Qd5 14. Qe1 Qxc5
15. Be3 Qe7 16. Rac1 Na6 17. Rxc4 Bd5 18. Ne5 c5 19. Nd3 Nd7 20. Rg4 f6 21. a3
f5 22. Bg5 Nf6 23. Bxd5 exd5 24. Rf4 O-O 25. Rxf5 bxa3 26. bxa3 c4 27. Nf4 Nc7
28. Bxf6 Rxf6 29. Rxf6 Qxf6 30. Qa5 Qb6 31. Rxd5 Qb1+ 32. Kg2 Qb7 33. e4 Nxd5
34. Nxd5 Re8 35. f3 Rc8 36. Qc3 Kh8 37. h4 Qb3 38. Qe5 c3 39. h5 Qb8 40. Qf5
Rf8 41. Qg5 Qb2+ 42. Kh3 c2 43. h6 gxh6 44. Qe7 Qg7 0-1

[Event "23rd ETCC Open 2021"]
[Site "Catez"]
[Date "2021.11.15"]
[Round "4.59"]
[White "Klabis, Rokas"]
[Black "Georgiadis, Nico"]
[Result "1/2-1/2"]
[ECO "B68"]
[WhiteElo "2353"]
[BlackElo "2553"]
[Annotator "ChessBase"]
[PlyCount "106"]
[EventDate "2021.11.08"]
[EventType "team-tourn"]
[EventCountry "SLO"]
[SourceTitle "playchess.com"]
[Source "ChessBase"]
[SourceQuality "1"]
[WhiteTeam "Lithuania"]
[BlackTeam "Switzerland"]
[WhiteTeamCountry "LTU"]
[BlackTeamCountry "SUI"]
[TimeControl "40/5400+30:1800+30"]

1. e4 c5 2. Nf3 d6 3. d4 cxd4 4. Nxd4 Nf6 5. Nc3 Nc6 6. Bg5 e6 7. Qd2 a6 8.
O-O-O Bd7 9. f4 Be7 10. Be2 h6 11. Bxf6 Bxf6 12. Nf3 Be7 13. Rdf1 b5 14. Nd1
Qa5 15. Qxa5 Nxa5 16. g4 g5 17. f5 Nc6 18. Kb1 Bf6 19. h4 Ke7 20. Nf2 gxh4 21.
Nxh4 Ne5 22. Ng2 Bg5 23. Nh4 Bc6 24. Nf3 Nc4 25. Bxc4 bxc4 26. Rh3 Bf4 27. Nd4
Bb7 28. Ne2 Be5 29. Nc3 Rag8 30. Ncd1 h5 31. fxe6 fxe6 32. gxh5 Bf4 33. Nc3 Be5
34. Nfd1 Bd4 35. a4 Rg4 36. Re1 Rh6 37. Ne3 Bxe3 38. Rexe3 Rg5 39. Reg3 Rxg3
40. Rxg3 Kf6 41. Rh3 Ke5 42. Rh4 Bc6 43. b4 cxb3 44. cxb3 a5 45. Kc2 Be8 46.
Kd3 Bxh5 47. Ke3 Rh7 48. Nb1 Bg6 49. Rxh7 Bxh7 50. Nd2 d5 51. exd5 exd5 52.
Nf3+ Kd6 53. Kd4 Bc2 1/2-1/2

[Event "23rd ETCC Open 2021"]
[Site "Catez"]
[Date "2021.11.15"]
[Round "4.60"]
[White "Kurmann, Oliver"]
[Black "Brazdzionis, Andrius"]
[Result "1-0"]
[ECO "B81"]
[WhiteElo "2458"]
[BlackElo "2356"]
[Annotator "ChessBase"]
[PlyCount "91"]
[EventDate "2021.11.08"]
[EventType "team-tourn"]
[EventCountry "SLO"]
[SourceTitle "playchess.com"]
[Source "ChessBase"]
[SourceQuality "1"]
[WhiteTeam "Switzerland"]
[BlackTeam "Lithuania"]
[WhiteTeamCountry "SUI"]
[BlackTeamCountry "LTU"]
[TimeControl "40/5400+30:1800+30"]

1. e4 c5 2. Nf3 d6 3. d4 cxd4 4. Nxd4 Nf6 5. Nc3 e6 6. g4 h6 7. Rg1 Nc6 8. Be3
Be7 9. Qe2 Nxd4 10. Bxd4 e5 11. Be3 a6 12. h4 Qa5 13. Bd2 Qc5 14. g5 hxg5 15.
hxg5 Nh5 16. g6 Be6 17. gxf7+ Bxf7 18. O-O-O Rc8 19. Kb1 Nf4 20. Qg4 Bf6 21.
Be3 Qc6 22. Rd2 Be6 23. Qd1 Ke7 24. Be2 Nxe2 25. Qxe2 Qc4 26. Qd1 b5 27. f3 b4
28. Nd5+ Bxd5 29. Rxd5 Rh2 30. Rd2 Rxd2 31. Qxd2 a5 32. Rd1 Qc6 33. Rc1 Qc4 34.
Rd1 Qc6 35. Rc1 Qc4 36. c3 b3 37. Rd1 bxa2+ 38. Ka1 Rc6 39. Qd5 Qe2 40. Rd3
Qxf3 41. c4 Qe2 42. Kxa2 Kd7 43. c5 Qc2 44. Rb3 Bd8 45. Qf7+ Be7 46. Bg5 1-0

[Event "23rd ETCC Open 2021"]
[Site "Catez"]
[Date "2021.11.15"]
[Round "4.62"]
[White "Uruci, Endrit"]
[Black "Nyysti, Sampsa"]
[Result "0-1"]
[ECO "A45"]
[WhiteElo "2322"]
[BlackElo "2325"]
[Annotator "NA"]
[PlyCount "80"]
[EventDate "2021.11.08"]
[EventType "team-tourn"]
[EventCountry "SLO"]
[SourceTitle "playchess.com"]
[Source "ChessBase"]
[SourceQuality "1"]
[WhiteTeam "Kosovo"]
[BlackTeam "Finland"]
[WhiteTeamCountry "KOS"]
[BlackTeamCountry "FIN"]
[TimeControl "40/5400+30:1800+30"]

1. d4 Nf6 2. Bg5 Ne4 3. Bf4 c5 4. f3 Qa5+ 5. c3 Nf6 6. Nd2 cxd4 7. Nb3 Qd8 8.
cxd4 d5 9. e3 e6 10. Rc1 Bb4+ 11. Kf2 O-O 12. a3 Be7 13. g4 Nc6 14. Bd3 Nd7 15.
Ne2 e5 16. dxe5 Ndxe5 17. Nbd4 Nxd3+ 18. Qxd3 Qb6 19. Nb5 Be6 20. Bc7 Qa6 21.
Nf4 Rac8 22. Nxd5 Bxd5 23. Qxd5 Rxc7 24. Nxc7 Qb6 25. Nb5 Rd8 26. Qb3 Na5 27.
Qa4 Rd2+ 28. Kg3 Qxe3 29. Rc8+ Bd8 30. Qe4 Qf2+ 31. Kf4 g5+ 32. Kf5 Qb6 33. Nd6
Rxd6 34. Qe8+ Kg7 35. Qe5+ f6 36. Qc5 Nc6 37. Qxb6 Bxb6 38. Re8 Kf7 39. Rh8
Rd5+ 40. Ke4 Rd4+ 0-1

[Event "23rd ETCC Open 2021"]
[Site "Catez"]
[Date "2021.11.15"]
[Round "4.63"]
[White "Ronka, Erik"]
[Black "Fejzullahu, Afrim"]
[Result "1-0"]
[ECO "C88"]
[WhiteElo "2321"]
[BlackElo "2250"]
[Annotator "ChessBase"]
[PlyCount "105"]
[EventDate "2021.11.08"]
[EventType "team-tourn"]
[EventCountry "SLO"]
[SourceTitle "playchess.com"]
[Source "ChessBase"]
[SourceQuality "1"]
[WhiteTeam "Finland"]
[BlackTeam "Kosovo"]
[WhiteTeamCountry "FIN"]
[BlackTeamCountry "KOS"]
[TimeControl "40/5400+30:1800+30"]

1. e4 e5 2. Nf3 Nc6 3. Bb5 a6 4. Ba4 Nf6 5. O-O b5 6. Bb3 Be7 7. Re1 O-O 8. a4
b4 9. d4 d6 10. dxe5 dxe5 11. Nbd2 Bc5 12. Qe2 Bg4 13. c3 Na5 14. Bc2 Qe7 15.
h3 Bh5 16. g4 Bg6 17. Nf1 Rfd8 18. Nh4 b3 19. Bb1 Nd7 20. Nf5 Qe6 21. N1e3 Bxf5
22. exf5 Qc6 23. g5 Bxe3 24. Bxe3 Nc4 25. Bd3 Nd6 26. Qg4 e4 27. Be2 Ne5 28.
Qf4 Re8 29. Bd4 f6 30. gxf6 gxf6 31. Kh2 Kh8 32. Bh5 Re7 33. Qh4 Nxf5 34. Qxe4
Qxe4 35. Rxe4 Nxd4 36. cxd4 Nc6 37. Rf4 Rd8 38. Rxf6 Nxd4 39. Rxa6 c5 40. Rc1
Re5 41. Bg4 Rf8 42. Kg2 Nc2 43. Rc6 Ne1+ 44. Kg3 Nc2 45. a5 h5 46. Rh6+ Kg7 47.
Rxh5 Rxh5 48. Bxh5 c4 49. Bd1 Nb4 50. Rxc4 Nd3 51. Bxb3 Nxb2 52. Rc7+ Kg6 53.
a6 1-0

[Event "23rd ETCC Open 2021"]
[Site "Catez"]
[Date "2021.11.15"]
[Round "4.64"]
[White "Saraci, Korab"]
[Black "Kokkila, Tero"]
[Result "1-0"]
[ECO "B22"]
[WhiteElo "2149"]
[BlackElo "2283"]
[Annotator "NA"]
[PlyCount "77"]
[EventDate "2021.11.08"]
[EventType "team-tourn"]
[EventCountry "SLO"]
[SourceTitle "playchess.com"]
[Source "ChessBase"]
[SourceQuality "1"]
[WhiteTeam "Kosovo"]
[BlackTeam "Finland"]
[WhiteTeamCountry "KOS"]
[BlackTeamCountry "FIN"]
[TimeControl "40/5400+30:1800+30"]

1. e4 c5 2. c3 Nf6 3. e5 Nd5 4. d4 cxd4 5. Nf3 Nc6 6. cxd4 d6 7. Bc4 Nb6 8. Bb5
Bd7 9. Nc3 dxe5 10. dxe5 a6 11. Be2 Be6 12. O-O Qxd1 13. Rxd1 g6 14. Ng5 Nxe5
15. Nxe6 fxe6 16. f4 Nc6 17. Be3 Nd5 18. Nxd5 exd5 19. Rxd5 e6 20. Rd2 Bb4 21.
Rd3 Rd8 22. Rad1 Ke7 23. a3 Rxd3 24. Rxd3 Bd6 25. Bf3 Rc8 26. b4 Nd8 27. g3 Nc6
28. h4 Rd8 29. Kg2 Rd7 30. Be4 Ke8 31. Kh3 Ke7 32. h5 e5 33. hxg6 hxg6 34. f5
Nd4 35. Bg5+ Kf8 36. fxg6 Be7 37. Bh6+ Kg8 38. Rc3 Ne6 39. Bf5 1-0

[Event "23rd ETCC Open 2021"]
[Site "Catez"]
[Date "2021.11.15"]
[Round "4.65"]
[White "Subelj, Jan"]
[Black "Toczek, Grzegorz"]
[Result "1-0"]
[ECO "A41"]
[WhiteElo "2458"]
[BlackElo "2296"]
[Annotator "ChessBase"]
[PlyCount "95"]
[EventDate "2021.11.08"]
[EventType "team-tourn"]
[EventCountry "SLO"]
[SourceTitle "playchess.com"]
[Source "ChessBase"]
[SourceQuality "1"]
[WhiteTeam "Slovenia"]
[BlackTeam "Wales"]
[WhiteTeamCountry "SLO"]
[BlackTeamCountry "WLS"]
[TimeControl "40/5400+30:1800+30"]

1. e4 d6 2. d4 Nf6 3. Bd3 c6 4. Nf3 Bg4 5. O-O e6 6. c4 Be7 7. Nc3 a6 8. h3 Bh5
9. Ne2 c5 10. d5 exd5 11. cxd5 Bxf3 12. gxf3 O-O 13. Ng3 g6 14. a4 Nbd7 15. f4
Ne8 16. b3 Bf6 17. Ra2 Rb8 18. Re1 Bc3 19. Bd2 Bg7 20. Bf1 h5 21. Bg2 Qh4 22.
Qf3 Nc7 23. b4 b5 24. axb5 Nxb5 25. Ne2 cxb4 26. Bxb4 Nd4 27. Nxd4 Rxb4 28. Nc6
Rc4 29. Qg3 Qf6 30. e5 Qxf4 31. Qxf4 Rxf4 32. exd6 Ra8 33. Re7 Nf6 34. d7 Bf8
35. Rxa6 Bxe7 36. Nxe7+ Kg7 37. Rxa8 Nxd7 38. Ra7 Nf6 39. Nc6 Ne8 40. Nd8 Kf8
41. Rd7 Rf5 42. d6 Rf6 43. Rxf7+ Rxf7 44. Nxf7 Kxf7 45. d7 Ke7 46. dxe8=N Kxe8
47. h4 Ke7 48. Be4 1-0

[Event "23rd ETCC Open 2021"]
[Site "Catez"]
[Date "2021.11.15"]
[Round "4.66"]
[White "Pleasants, Allan J"]
[Black "Dobrovoljc, Vid"]
[Result "1/2-1/2"]
[ECO "A13"]
[WhiteElo "2001"]
[BlackElo "2414"]
[Annotator "ChessBase"]
[PlyCount "108"]
[EventDate "2021.11.08"]
[EventType "team-tourn"]
[EventCountry "SLO"]
[SourceTitle "playchess.com"]
[Source "ChessBase"]
[SourceQuality "1"]
[WhiteTeam "Wales"]
[BlackTeam "Slovenia"]
[WhiteTeamCountry "WLS"]
[BlackTeamCountry "SLO"]
[TimeControl "40/5400+30:1800+30"]

1. Nf3 Nf6 2. c4 e6 3. g3 d5 4. Bg2 dxc4 5. O-O c5 6. Na3 Nc6 7. Nxc4 Be7 8. b3
O-O 9. Bb2 Qc7 10. Rc1 Rd8 11. Qc2 b6 12. Qb1 Bb7 13. d4 cxd4 14. Nce5 Qd6 15.
Nxc6 Bxc6 16. Rxc6 Qxc6 17. Nxd4 Qe8 18. Bxa8 Rxa8 19. Rd1 Rc8 20. Nf3 b5 21.
Ng5 h6 22. Ne4 Nd5 23. Rc1 b4 24. Rc4 f5 25. Nd2 Nc3 26. Bxc3 bxc3 27. Rxc8
Qxc8 28. Qc2 Bf6 29. Nc4 Qc6 30. Qd3 h5 31. f3 Qc5+ 32. Kg2 Kh7 33. e3 Kh6 34.
Kf2 h4 35. Ke2 Qc7 36. Qd6 Qxd6 37. Nxd6 Kh5 38. Ne8 Be5 39. f4 c2 40. Kd2 Ba1
41. gxh4 g6 42. Kxc2 e5 43. Ng7+ Kxh4 44. Ne6 Kg4 45. Kd2 Kf3 46. b4 Bb2 47. a4
e4 48. b5 Ba3 49. Nd4+ Kf2 50. Nc2 Bd6 51. a5 Bc7 52. a6 Ba5+ 53. Kd1 Bb6 54.
Kd2 Ba5+ 1/2-1/2